 Dungeon Crawl Stone Soup version 0.24-a0-417-g1cce26a4d2 (webtiles) character file.

Game seed: 5118179887749153581

28 ohad the Slasher (level 2, -1/22 HPs)
             Began as a Demonspawn Gladiator on June 10, 2019.
             Succumbed to a kobold's poison
             ... on level 2 of the Dungeon.
             The game lasted 00:03:15 (992 turns).

ohad the Slasher (Demonspawn Gladiator)              Turns: 992, Time: 00:03:15

Health: -1/22      AC: 11    Str: 14    XL:     2   Next: 96%
Magic:  2/2        EV:  1    Int:  9    God:
Gold:   41         SH:  7    Dex: 14    Spells: 1/1 levels left

rFire    . . .     SeeInvis .   a - +0 long sword
rCold    . . .     Gourm    .   m - +0 shield
rNeg     . . .     Faith    .   j - +0 chain mail
rPois    .         Spirit   .   c - +0 helmet
rElec    .         Reflect  .   (no cloak)
rCorr    .         Harm     .   (no gloves)
MR       .....                  (no boots)
Stlth    ..........             (no amulet)
HPRegen  0.07/turn              (no ring)
MPRegen  0.08/turn              (no ring)

@: lethally poisoned (-1 -> -30), constricted
A: slimy green scales 1
a: no special abilities


You were on level 2 of the Dungeon.
You were not hungry.

You visited 1 branch of the dungeon, and saw 2 of its levels.

You collected 41 gold pieces.

Inventory:

Hand Weapons
 a - a +0 long sword (weapon)
Missiles
 d - 3 throwing nets (quivered)
Armour
 b - a +0 leather armour
 c - a +0 helmet (worn)
 j - a +0 chain mail (worn)
 m - a +0 shield (worn)
Wands
 n - a wand of disintegration (9)
Scrolls
 g - a scroll of random uselessness {unknown}
 i - 2 scrolls of immolation {unknown}
 k - 3 scrolls of remove curse {unknown}
Potions
 e - a potion of flight {unknown}
 h - a potion of curing {unknown}
 l - a potion of haste {unknown}
Comestibles
 f - 4 rations


   Skills:
 - Level 2.0 Fighting
 + Level 3.8 Long Blades
 - Level 1.7 Throwing
 - Level 2.6 Dodging


You had one spell level left.
You didn't know any spells.
Your spell library was empty.

Dungeon Overview and Level Annotations

Branches:
Dungeon (2/15)

Altars:

Annotations:
D:2 Natasha


Innate Abilities, Weirdness & Mutations

You are partially covered in slimy green scales. (AC +2)


Message History

Your shield and chain mail prevent you from hitting Natasha.
Natasha is heavily wounded.
* * * LOW HITPOINT WARNING * * *
You feel sick.
The ball python bites you but does no damage.
The ball python constricts you. The kobold hits you but does no damage.
You are more poisoned.
The crimson imp blinks!
Natasha claws you but does no damage.
The goblin throws a stone.
The stone hits you.
* * * LOW HITPOINT WARNING * * *
The crimson imp hits you but does no damage.
The kobold hits you but does no damage.
You are more poisoned.
The ball python bites you but does no damage.
The ball python constricts you. Natasha casts a spell at you.
The magic dart hits you but does no damage.
You hit Natasha.
Natasha is severely wounded.
You die...

########
#......
#.....
#######....
.........5
#......w#
#....§hK#
#....S@.#
#....5.5#
######'##
#.# #.# ..
#.# ..# #.#
.. #g# #.
#.#


You could see a worm, Natasha, 3 crimson imps, a goblin, a ball python and a
kobold.

Vanquished Creatures
  A worm (D:2)
  A dart slug (D:1)
  5 goblins (D:1)
  4 hobgoblins
  A quokka (D:2)
  A bat (D:1)
  3 kobolds (D:1)
  5 rats (D:1)
21 creatures vanquished.

Vanquished Creatures (others)
  5 toadstools (D:1)
5 creatures vanquished.

Grand Total: 26 creatures vanquished

Notes
Turn   | Place    | Note
-------+----------+-------------------------------------------
     0 | D:1      | ohad the Demonspawn Gladiator began the quest for the Orb.
     0 | D:1      | Reached XP level 1. HP: 16/16 MP: 1/1
    16 | D:1      | Reached skill level 3 in Long Blades
   234 | D:1      | Gained mutation: You are partially covered in slimy green
                  | scales. (AC +2) [demonic ancestry]
   234 | D:1      | Reached XP level 2. HP: 13/22 MP: 2/2
   981 | D:2      | Noticed Natasha
   983 | D:2      | Noticed a crimson imp
   988 | D:2      | Noticed a crimson imp
   990 | D:2      | Noticed a crimson imp
   992 | D:2      | Succumbed to a kobold's poison

Levels and vault maps discovered:
D:1:      ldierk_walled_garden, layout_rooms
D:2:      layout_basic, uniq_natasha

Skill      XL: |  1 |
---------------+----+-----
Long Blades    | 3 |  3.8
Fighting       | |  2.0
Throwing       | |  1.7
Dodging        | |  2.6

Action                   || total
-------------------------++-------
Melee: Long sword        ||    63
Armor: Leather armour    ||    16
       Chain mail        ||    27
Dodge: Dodged            ||    31
Block: Shield            ||     8
       Rpst.: Long sword ||    11

Table legend:
 A = Non-vault XP
 B = Vault XP
 C = Vault XP percentage of total XP
 D = Non-vault monster count
 E = Vault monster count
 F = Vault count percentage of total count
                 A         B        C        D         E       F
            +---------+---------+-------+---------+---------+-------
      Total |      40 |       0 |   0.0 |      21 |       0 |   0.0
            +---------+---------+-------+---------+---------+-------
        D:1 |      31 |       0 |   0.0 |      18 |       0 |   0.0
        D:2 |       9 |       0 |   0.0 |       3 |       0 |   0.0
            +---------+---------+-------+---------+---------+-------
